 Dungeon Crawl Stone Soup version 0.31-a0-845-g9abc20d24f (webtiles) character file.

Game seed: 17655167694791029281

11 Bravepunisher the Ducker (level 2, -9/16 HPs)
             Began as a Spriggan Monk on Oct 2, 2023.
             Mangled by an ice beast (10 damage)
             ... on level 5 of the Dungeon.
             The game lasted 00:03:01 (445 turns).

Bravepunisher the Ducker (Spriggan Monk)             Turns: 445, Time: 00:03:03

Health: -9/16      AC:  2    Str:  7    XL:     2   Next: 13%
Magic:  3/3        EV: 19    Int: 11    God:
Gold:   10         SH:  0    Dex: 17    Spells: 1/1 levels left

rFire   . . .        a - +0 short sword
rCold   . . .        (no shield)
rNeg    . . .        b - +0 robe
rPois   .            (helmet restricted)
rElec   .            (no cloak)
rCorr   .            (gloves unavailable)
SInv    +            (boots unavailable)
Will    .....        (no amulet)
Stlth   ++           (no ring)
HPRegen 0.22/turn    (no ring)
MPRegen 0.08/turn

%: no passive effects
@: very quick
A: very small, no large weapons, unfitting armour, see invisible, speed 3
a: no special abilities


You were on level 5 of the Dungeon.
You visited 1 branch of the dungeon, and saw 7 of its levels.

You collected 10 gold pieces.

Inventory:

Hand Weapons
 a - a +0 short sword (weapon)
Armour
 b - a +0 robe (worn)


   Skills:
 * Level 2.8 Fighting
 - Level 3.2 Short Blades
 + Level 4.3 Dodging


You had one spell level left.
You didn't know any spells.
Your spell library contained the following spells:

 Spells                   Type           Power      Damage    Failure   Level
 Summon Ice Beast         Ice/Summ       0%         N/A       98%         4
 Summon Mana Viper        Hex/Summ       0%         N/A       100%        5
 Monstrous Menagerie      Summ           0%         N/A       100%        7


Dungeon Overview and Level Annotations

Branches:
Dungeon (7/15)
 Temple: D:4-7

Altars:
Uskayaw


Innate Abilities, Weirdness & Mutations

You are very small and have problems with some larger weapons.
You are too small for most types of armour.
You have supernaturally acute eyesight. (SInv)
You cover ground extremely quickly. (Speed+++)


Message History

The black bear claws you but does no damage.
The black bear closely misses you.
The black bear barely misses you. x2; The black bear closely misses you.
Found a stone staircase leading down.
Found a leather armour.
An iguana comes into view.
The iguana hisses angrily.
An ice beast comes into view.
As you read the scroll labelled BETATZ YNOXO, it crumbles to dust.
It is a scroll of identify.
You don't currently have any unidentified items.
The iguana misses you.
You aren't carrying any potions.
You hit the iguana but do no damage. The iguana completely misses you.
The ice beast closely misses you.
Unknown command.
You hit the ice beast.
The ice beast is lightly wounded.
You closely miss the ice beast.
The ice beast is lightly wounded.
The iguana barely misses you. The ice beast completely misses you.
You barely miss the ice beast.
The ice beast is lightly wounded.
The iguana closely misses you.
The ice beast hits you but does no damage.
You hit the ice beast but do no damage.
The ice beast is lightly wounded.
The iguana bites you. The ice beast hits you. The ice beast freezes you!
Ouch! That really hurt!
* * * LOW HITPOINT WARNING * * *
You hit the ice beast.
The ice beast is moderately wounded.
The iguana barely misses you. The ice beast completely misses you.
You barely miss the ice beast. Your punch misses the ice beast.
The ice beast is moderately wounded.
The iguana misses you. The ice beast hits you.
* * * LOW HITPOINT WARNING * * *
The ice beast freezes you!
Ouch! That really hurt!
You die...

........s.##
..#####h#.# ####
#h#... ..# #.#### #.#
#########.#
.##.###.###h......h.#
.....[.hh...#########
##.###l##### #.###@#
# #...Y.# ## #######
#... #.## # # .. .##


You could see a black bear, an ice beast, an iguana and a hound.

Vanquished Creatures
  An adder (D:4)
  A goblin (D:4)
  A rat (D:2)
3 creatures vanquished.

Notes
Turn   | Place    | Note
-------+----------+-------------------------------------------
     0 | D:1      | Bravepunisher the Spriggan Monk began the quest for the
                  | Orb.
     0 | D:1      | Reached XP level 1. HP: 11/11 MP: 2/2
    22 | D:2      | Found a hide-covered altar of Uskayaw.
    71 | D:5      | Entered Level 5 of the Dungeon
    77 | D:4      | Noticed an iguana
   100 | D:4      | Noticed a jelly
   146 | D:4      | Found a hide-covered altar of Uskayaw.
   169 | D:4      | Reached XP level 2. HP: 16/16 MP: 3/3
   282 | D:5      | Noticed a black bear
   333 | D:5      | Noticed a wight
   333 | D:5      | Noticed a wight
   333 | D:5      | Noticed a wight
   411 | D:5      | Noticed a scorpion
   435 | D:5      | Noticed an ice beast
   445 | D:5      | Mangled by an ice beast

Illustrated notes

Levels and vault maps discovered:
D:1:      reono_arrival_mine, layout_basic,
          dreamdust_ecumenical_altar_sealed_demon
D:2:      minmay_alternating_diamond, layout_basic, basic_altar,
          kennysheep_jessica_study, uniq_terence, uniq_robin, uniq_natasha
D:3:      layout_loops_corners, chequers_arboretum
D:4:      layout_rooms, kennysheep_little_box
D:5:      nicolae_cairo_tiling_large, layout_loops_cross,
          chequers_ossuary_entry_cave, uniq_ijyb
D:6:      layout_basic, xom_redecorated, minmay_temple_entry_overgrown
D:7:      layout_basic, corexii_leaking_fountain

Action                     || total
---------------------------++-------
  Melee: Short sword       ||    17
    Use: Potion            ||     1
         Scroll            ||     1
   Stab: Sleeping          ||     2
 Armour: Robe              ||    11
  Dodge: Dodged            ||    31

Table legend: (Time is in decaauts)
 A = Elapsed time spent in this place.
 B = Non-inter-level travel time spent in this place.
 C = Inter-level travel time spent in this place.
 D = Time resting spent in this place.
 E = Time spent auto-exploring this place.
 F = Levels seen in this place.
 G = Mean time per level.
                   A        B        C        D        E       F      G
               +--------+--------+--------+--------+--------+-----+--------+
         Total |    291 |    291 |      0 |      0 |     23 |   7 |   41.6 |
       Dungeon |    291 |    291 |      0 |      0 |     23 |   7 |   41.6 |
               +--------+--------+--------+--------+--------+-----+--------+

Top non-repeatable levels by time:
     D:5: 125 daAuts
     D:4: 75 daAuts
     D:6: 30 daAuts
     D:3: 18 daAuts
     D:7: 17 daAuts
     D:1: 16 daAuts
     D:2: 8 daAuts
